 Dungeon Crawl Stone Soup version 0.29-a0-542-g075992c915 (webtiles) character file.

Game seed: 13242775205560477647

1222 Crownlay the Cleaver (level 8, 0/68 HPs)
             Began as a Hill Orc Fighter on June 3, 2022.
             Was a Follower of Cheibriados.
             Slain by a troll (4 damage)
             ... on level 6 of the Dungeon.
             The game lasted 00:06:00 (6091 turns).

Crownlay the Cleaver (Hill Orc Fighter)             Turns: 6091, Time: 00:06:00

Health: 0/68       AC:  8    Str: 24    XL:     8   Next: 47%
Magic:  11/11      EV:  8    Int: 11    God:    Cheibriados [*.....]
Gold:   245        SH: 11    Dex: 19    Spells: 7/7 levels left

rFire   . . .      SeeInvis .   a - +0 war axe
rCold   + . .      Faith    .   u - +0 kite shield
rNeg    . . .      Spirit   .   b - +0 scale mail
rPois   .          Reflect  .   (no helmet)
rElec   .          Harm     .   y - +0 cloak
rCorr   .          Rampage  .   (no gloves)
Will    .....                   (no boots)
Stlth   ..........              (no amulet)
HPRegen 0.21/turn               n - +6 ring of dexterity
MPRegen 0.12/turn               s - ring of protection from cold

@: mighty, very slow
A: no striking features
a: Renounce Religion, Bend Time


You were on level 6 of the Dungeon.
You worshipped Cheibriados.
Cheibriados was aware of your devotion.
You visited 1 branch of the dungeon, and saw 6 of its levels.

You collected 245 gold pieces.

Inventory:

Hand Weapons
 a - a +0 war axe (weapon)
Missiles
 D - a throwing net (quivered)
Armour
 b - a +0 scale mail (worn)
 u - a +0 kite shield (worn)
 y - a +0 cloak (worn)
Jewellery
 i - a ring of fire
 n - a +6 ring of dexterity (left hand)
 s - a ring of protection from cold (right hand)
 t - a ring of ice
 E - a +4 ring of evasion
Wands
 v - a wand of iceblast (9)
 C - a wand of polymorph (10)
Scrolls
 d - a scroll of silence {unknown}
 e - 2 scrolls of brand weapon
 f - a scroll of teleportation
 j - a scroll of magic mapping {unknown}
 l - 2 scrolls of noise
 o - a scroll of fear {unknown}
 p - a scroll of enchant armour {unknown}
 q - a scroll of summoning {unknown}
 z - a scroll of acquirement {unknown}
 A - a scroll of blinking {unknown}
 B - 3 scrolls of identify
Potions
 c - a potion of haste {unknown}
 g - a potion of ambrosia {unknown}
 h - 3 potions of magic
 k - 2 potions of curing
 m - a potion of berserk rage {unknown}
 r - a potion of mutation {unknown}
 x - a potion of cancellation {unknown}


   Skills:
 - Level 5.0 Fighting
 * Level 9.2 Axes
 - Level 5.0 Armour
 + Level 6.0 Shields
 + Level 4.1 Invocations


You had 7 spell levels left.
You didn't know any spells.
Your spell library contained the following spells:

 Spells                   Type           Power      Damage    Failure   Level
 Ensorcelled Hibernation  Hex/Ice        0%         N/A       98%         2
 Confusing Touch          Hex            0%         N/A       100%        3
 Dazzling Flash           Conj/Hex       0%         N/A       100%        3
 Spider Form              Tmut/Pois      0%         N/A       100%        3
 Summon Guardian Golem    Hex/Summ       0%         N/A       100%        3
 Anguish                  Hex/Necr       0%         N/A       100%        4


Dungeon Overview and Level Annotations

Branches:
Dungeon (6/15)
 Temple: D:4-7

Altars:
Ashenzari
Cheibriados
Ru


Message History

There is a stone staircase leading down here.
You climb downwards.
You hear the sound of rushing water.
There is an entrance to a sewer on this level.
Hurry and find it before the portal rusts away!
The troll shouts!
There is a stone staircase leading up here.
Okay, then.
Okay, then.
You barely miss the troll. You block the troll's attack.
The troll claws you. x2
You slash the troll!
The troll is moderately wounded.
The troll bites you. The troll claws you! You block the troll's attack.
You barely miss the troll.
The troll is lightly wounded.
The troll closely misses you. You block the troll's attack.
The troll claws you but does no damage.
You hit the troll.
The troll is lightly wounded.
You block the troll's attack. The troll claws you but does no damage.
The troll claws you.
You closely miss the troll.
The troll is lightly wounded.
The troll barely misses you. The troll claws you!
The troll completely misses you. You block the troll's attack.
The troll claws you! The troll barely misses you.
You slash the troll!
The troll is moderately wounded.
The troll bites you but does no damage. You block the troll's attack.
The troll claws you.
You slash the troll!
The troll is heavily wounded.
The troll closely misses you. The troll claws you!
* * * LOW HITPOINT WARNING * * *
The troll claws you.
* * * LOW HITPOINT WARNING * * *
You feel very mighty all of a sudden. The troll bites you!
* * * LOW HITPOINT WARNING * * *
You block the troll's attack. The troll claws you.
You die...

##
##.#
#@#
#T##
#.#
#. .
##


You could see a troll.

Vanquished Creatures
  Sigmund (D:3)
  A water moccasin (D:5)
  2 ogres (D:5)
  2 phantoms (D:5)
  A bullfrog (D:5)
  2 scorpions (D:5)
  A necrophage (D:4)
  An orc priest (D:4)
  Crazy Yiuf (D:3)
  An iguana (D:5)
  Ijyb (D:3)
  2 orc wizards (D:3)
  7 gnolls
  8 adders
  A white imp (D:5)
  2 worms
  A dart slug (D:3)
  18 orcs
  4 ball pythons
  5 endoplasms
  3 giant cockroaches
  7 goblins
  3 hobgoblins
  5 jackals (D:1)
  7 kobolds
  2 quokkas
  3 bats
  4 frilled lizards
  2 rats (D:1)
98 creatures vanquished.

Vanquished Creatures (others)
  6 plants (D:5)
6 creatures vanquished.

Grand Total: 104 creatures vanquished

Notes
Turn   | Place    | Note
-------+----------+-------------------------------------------
     0 | D:1      | Crownlay the Hill Orc Fighter began the quest for the Orb.
     0 | D:1      | Reached XP level 1. HP: 19/19 MP: 1/1
   132 | D:1      | Reached skill level 3 in Axes
   227 | D:1      | Reached XP level 2. HP: 25/27 MP: 2/2
  1027 | D:2      | Reached XP level 3. HP: 28/33 MP: 3/3
  1036 | D:2      | Reached skill level 4 in Axes
  1334 | D:2      | Reached XP level 4. HP: 40/40 MP: 4/4
  1846 | D:3      | Reached XP level 5. HP: 46/47 MP: 5/5
  1851 | D:3      | Reached skill level 5 in Axes
  1897 | D:3      | Noticed Sigmund
  1996 | D:3      | Killed Sigmund
  1997 | D:3      | Reached skill level 5 in Fighting
  1997 | D:3      | Reached skill level 6 in Axes
  1997 | D:3      | Reached XP level 6. HP: 49/56 MP: 6/6
  2112 | D:3      | Found a faded altar of an unknown god.
  2317 | D:3      | Found a sacrificial altar of Ru.
  2352 | D:3      | Got the Volume of Enchantment
  2452 | D:3      | Found a runed translucent door.
  2453 | D:3      | Noticed Crazy Yiuf
  2576 | D:3      | Noticed Ijyb
  2601 | D:3      | Killed Ijyb
  2706 | D:3      | Found a broken altar of Ashenzari.
  2793 | D:3      | Killed Crazy Yiuf
  2896 | D:4      | Reached XP level 7. HP: 49/61 MP: 7/7
  3254 | D:4      | Found a snail-covered altar of Cheibriados.
  3271 | D:4      | Became a worshipper of Cheibriados the Contemplative
  4249 | D:5      | Entered Level 5 of the Dungeon
  4302 | D:5      | Reached skill level 7 in Axes
  4302 | D:5      | Reached skill level 5 in Armour
  4302 | D:5      | Reached skill level 5 in Shields
  4302 | D:5      | Reached skill level 1 in Invocations
  4694 | D:5      | Reached * piety under Cheibriados
  4991 | D:5      | Reached skill level 8 in Axes
  4991 | D:5      | Reached XP level 8. HP: 68/68 MP: 8/10
  5814 | D:5      | Reached skill level 9 in Axes
  6083 | D:6      | Noticed a troll
  6091 | D:6      | Slain by a troll

Illustrated notes

Levels and vault maps discovered:
D:1:      minmay_arrival_diagonal_passages, layout_basic
D:2:      layout_loops_cross
D:3:      layout_basic, mainiacjoe_overflow_alcove_1,
          nicolae_ru_sacrificial_ziggurat, ebering_ecumenical_altar_box,
          st_stairs_7, uniq_sigmund, uniq_crazy_yiuf_cottage, uniq_ijyb
D:4:      layout_basic, mainiacjoe_overflow_alcove_2, serial_co_window_serial,
          co_window_corner_a, co_window_corner_a, co_window_of_opportunity_a,
          co_window_paths_a, co_window_paths_b, co_window_corner_a,
          co_window_paths_a, co_window_2corner, co_window_paths_c,
          co_window_broadway_b, co_window_broadway_a, co_window_broadway_b,
          co_window_2corner, co_window_paths_e, glass_columns_c,
          glass_columns_b, glass_columns_a, glass_columns_a, glass_columns_a
D:5:      layout_loops_ring, serial_bayou_ford_a, kennysheep_another_room
D:6:      layout_loops_cross, trog_butcher_becter, gup_sewer_entry_spiral,
          minmay_unpleasant_kobolds

Skill      XL: |  1  2  3  4  5  6  7  8 |
---------------+-------------------------+-----
Axes           | 3 4 6 8 9 |  9.2
Fighting       | 4 5 |  5.0
Armour         | 4 5 |  5.0
Shields        | 4 5 6 |  6.0
Invocations    | 3 4 |  4.1

Action                   |  1- 3 |  4- 6 |  7- 9 || total
-------------------------+-------+-------+-------++-------
Melee: War axe           |    71 |   116 |   153 ||   340
       Unarmed           |       |       |     4 ||     4
  Use: Scroll            |       |     2 |     5 ||     7
       Potion            |       |     1 |     1 ||     2
Armor: Scale mail        |    38 |    58 |    48 ||   144
       Skin              |       |       |     1 ||     1
Dodge: Dodged            |    39 |    49 |    48 ||   136
Block: Buckler           |    22 |    23 |       ||    45
       Kite shield       |       |    32 |    82 ||   114

Table legend: (Time is in decaauts)
 A = Elapsed time spent in this place.
 B = Non-inter-level travel time spent in this place.
 C = Inter-level travel time spent in this place.
 D = Time resting spent in this place.
 E = Time spent auto-exploring this place.
 F = Levels seen in this place.
 G = Mean time per level.
                   A        B        C        D        E       F      G
               +--------+--------+--------+--------+--------+-----+--------+
         Total |   6778 |   6639 |    139 |    126 |   5644 |   6 | 1129.7 |
       Dungeon |   6778 |   6639 |    139 |    126 |   5644 |   6 | 1129.7 |
               +--------+--------+--------+--------+--------+-----+--------+

Top non-repeatable levels by time:
     D:5: 2171 daAuts
     D:4: 1652 daAuts
     D:3: 1005 daAuts
     D:1: 985 daAuts
     D:2: 954 daAuts
     D:6: 9 daAuts
